 Dungeon Sprint DCSS version 0.28-a0-224-g76b539d98b (webtiles) character file.

Game seed: 8313621535845378580

46 tbh1313 the Grasshopper (level 3, -2/29 HPs)
             Began as a Gnoll Wanderer on Aug 22, 2021.
             Slain by a wolf (9 damage)
             ... in the Dungeon (Sprint III: "The Ten Rune Challenge").
             The game lasted 00:00:48 (310 turns).

tbh1313 the Grasshopper (Gnoll Wanderer)             Turns: 310, Time: 00:00:49

Health: -2/29      AC:  2    Str: 14    XL:     3   Next: 68%
Magic:  1/6        EV: 12    Int: 11    God:
Gold:   0          SH:  4    Dex:  9    Spells: 5/6 levels left

rFire   . . .      SeeInvis .   a - +2 dagger
rCold   . . .      Faith    .   c - +0 buckler
rNeg    . . .      Spirit   .   d - +0 robe
rPois   .          Reflect  .   (no helmet)
rElec   .          Harm     .   (no cloak)
rCorr   .          Rampage  .   (no gloves)
Will    .....      NoTele   +   (no boots)
Stlth   ++........              (no amulet)
HPRegen 0.09/turn               (no ring)
MPRegen 0.10/turn               (no ring)

@: no status effects
A: fangs 1, strong nose, distributed training
a: no special abilities


You were in the Dungeon.
You visited 1 branch

Inventory:

Hand Weapons
 a - a +2 dagger (weapon)
Missiles
 k - 26 stones
Armour
 c - a +0 buckler (worn)
 d - a +0 robe (worn)
Scrolls
 b - a scroll of fear
 j - a scroll of blinking
Potions
 e - a potion of curing
 f - a potion of heal wounds
 g - a potion of haste
 h - 2 potions of magic


   Skills:
 + Level 3.4 Fighting
 + Level 2.1 Short Blades
 + Level 2.1 Long Blades
 + Level 2.1 Axes
 + Level 2.1 Maces & Flails
 + Level 2.1 Polearms
 + Level 2.1 Staves
 + Level 2.1 Slings
 + Level 2.1 Bows
 + Level 2.1 Crossbows
 + Level 2.1 Throwing
 + Level 5.1 Armour
 + Level 2.1 Dodging
 + Level 3.2 Stealth
 + Level 3.4 Shields
 + Level 2.1 Unarmed Combat
 + Level 2.1 Spellcasting
 + Level 1.7 Conjurations
 + Level 1.7 Hexes
 + Level 1.7 Summonings
 + Level 1.7 Necromancy
 + Level 5.7 Translocations
 + Level 1.7 Transmutations
 + Level 1.7 Fire Magic
 + Level 1.7 Ice Magic
 + Level 4.2 Air Magic
 + Level 1.7 Earth Magic
 + Level 1.7 Poison Magic
 + Level 2.4 Invocations
 + Level 2.1 Evocations


You had 5 spell levels left.
You knew the following spells:

 Your Spells              Type           Power      Damage    Failure   Level
a - Shock                 Conj/Air       28%        1d4       9%          1

Your spell library contained the following spells:

 Spells                   Type           Power      Damage    Failure   Level
 Swiftness                Air            10%        N/A       16%         3


Dungeon Overview and Level Annotations

Branches:
Dungeon (1/1)

Altars:


Innate Abilities, Weirdness & Mutations

You have very sharp teeth.
Your uncanny sense of smell can sniff out nearby items.
Your experience applies equally to all skills.


Message History

You barely miss the wolf.
The wolf is moderately wounded.
The wolf closely misses you. You block the wolf's attack.
You closely miss the wolf. Your bite misses the wolf.
The wolf is moderately wounded.
The wolf closely misses you. The wolf bites you!
Casting: Shock (safe; 9% risk of failure)
Confirm with . or Enter, or press ? or * to list all spells.
Aiming: Shock (safe; 9% risk of failure)
Press: ? - help, Shift-Dir - straight line, f/p - wolf
Aim: a wolf (moderately wounded, 48% to hit)
The zap hits the wolf but does no damage.
The wolf is moderately wounded.
The wolf closely misses you.
Casting: Shock (safe; 9% risk of failure)
Confirm with . or Enter, or press ? or * to list all spells.
Aiming: Shock (safe; 9% risk of failure)
Press: ? - help, Shift-Dir - straight line, f/p - wolf
Aim: a wolf (moderately wounded, 48% to hit)
The zap hits the wolf.
The wolf is severely wounded.
The wolf misses you. x2
Casting: Shock (safe; 9% risk of failure)
Confirm with . or Enter, or press ? or * to list all spells.
Aiming: Shock (safe; 9% risk of failure)
Press: ? - help, Shift-Dir - straight line, f/p - wolf
Aim: a wolf (severely wounded, 48% to hit)
The zap hits the wolf.
The wolf is almost dead.
The wolf bites you! The wolf bites you.
* * * LOW HITPOINT WARNING * * *
Casting: Shock (safe; 9% risk of failure)
Confirm with . or Enter, or press ? or * to list all spells.
Aiming: Shock (safe; 9% risk of failure)
Press: ? - help, Shift-Dir - straight line, f/p - wolf
Aim: a wolf (almost dead, 48% to hit)
The zap hits the wolf but does no damage.
The wolf is almost dead.
The wolf bites you!
You die...

▓▓▓▓ ▓<.#∆∆+.....♣
▓..#∆∆#.....♣♣
▓#'####....♣.♣
▓.....#....≈♣♣
▓.....#...≈≈.♣ ♣. #
▓.....#..≈≈≈≈♣♣.♣.+
▓####'#h.≈≈≈≈≈≈.♣.#
▓....†#@≈≈≈≈≈≈....#
▓.)...#.≈≈≈≈≈.....#
▓.....#.≈≈≈.......#
▓'#####...........#
▓.................#
▓▓▓▓▓▓▓▓▓▓▓▓▓▓▓▓▓▓▓


You could see a wolf.

Levels and vault maps discovered:
D:        dungeon_sprint_mu [sprint_mu_entry_forest, sprint_mu_temple_rooms,
          sprint_mu_d1_horrors, sprint_mu_d2_genie, sprint_mu_d3_branching,
          sprint_mu_orc_legion, sprint_mu_elf_gauntlet, sprint_mu_hive_nellie,
          sprint_mu_lair_fedhas, sprint_mu_vaults_butterflies,
          sprint_mu_slime_circle, sprint_mu_shoals_kraken,
          sprint_mu_snake_twists, sprint_mu_blade_basic,
          sprint_mu_crypt_fortress, sprint_mu_tomb_spiral,
          sprint_mu_vestibule_basic, sprint_mu_gehenna_hellfire,
          sprint_mu_dis_giant, sprint_mu_tartarus_statrot,
          sprint_mu_cocytus_islands, sprint_mu_zot1]

Notes
Turn   | Place    | Note
-------+----------+-------------------------------------------
     0 | D        | tbh1313 the Gnoll Wanderer began the quest for the Orb.
     0 | D        | tbh1313 set off with the following items: a +2 dagger, a
                  | scroll of fear, a +0 buckler, a +0 robe, a potion of
                  | curing, a potion of heal wounds, a potion of haste, 2
                  | potions of magic, a potion of berserk rage, a scroll of
                  | blinking; and the following spell memorised: Shock; and the
                  | following spells available to memorise: Swiftness
     0 | D        | Reached XP level 1. HP: 17/17 MP: 1/1
   101 | D        | Noticed Jessica
   106 | D        | Killed Jessica
   107 | D        | Reached skill level 1 in Short Blades
   107 | D        | Reached skill level 1 in Long Blades
   107 | D        | Reached skill level 1 in Axes
   107 | D        | Reached skill level 1 in Maces & Flails
   107 | D        | Reached skill level 1 in Polearms
   107 | D        | Reached skill level 1 in Staves
   107 | D        | Reached skill level 1 in Slings
   107 | D        | Reached skill level 1 in Bows
   107 | D        | Reached skill level 1 in Crossbows
   107 | D        | Reached skill level 1 in Throwing
   107 | D        | Reached skill level 1 in Dodging
   107 | D        | Reached skill level 1 in Unarmed Combat
   107 | D        | Reached skill level 1 in Spellcasting
   107 | D        | Reached skill level 1 in Conjurations
   107 | D        | Reached skill level 1 in Hexes
   107 | D        | Reached skill level 1 in Summonings
   107 | D        | Reached skill level 1 in Necromancy
   107 | D        | Reached skill level 1 in Transmutations
   107 | D        | Reached skill level 1 in Fire Magic
   107 | D        | Reached skill level 1 in Ice Magic
   107 | D        | Reached skill level 1 in Earth Magic
   107 | D        | Reached skill level 1 in Poison Magic
   107 | D        | Reached skill level 1 in Evocations
   107 | D        | Reached XP level 2. HP: 24/24 MP: 1/4
   107 | D        | Reached XP level 3. HP: 29/29 MP: 1/5
   165 | D        | Reached skill level 5 in Armour
   310 | D        | Slain by a wolf

Table legend: (Time is in decaauts)
 A = Elapsed time spent in this place.
 B = Non-inter-level travel time spent in this place.
 C = Inter-level travel time spent in this place.
 D = Time resting spent in this place.
 E = Time spent auto-exploring this place.
 F = Levels seen in this place.
 G = Mean time per level.
                   A        B        C        D        E       F      G
               +--------+--------+--------+--------+--------+-----+--------+
         Total |    324 |    324 |      0 |    171 |     88 |   1 |  324.0 |
       Dungeon |    324 |    324 |      0 |    171 |     88 |   1 |  324.0 |
               +--------+--------+--------+--------+--------+-----+--------+

Top non-repeatable levels by time:
       D: 324 daAuts

Table legend:
 A = Kills in this place as a percentage of kills in entire the game.
 B = Kills by you in this place as a percentage of kills by you in the entire game.
 C = Kills by friends in this place as a percentage of kills by friends in the entire game.
 D = Other kills in this place as a percentage of other kills in the entire game.
 E = Experience gained in this place as a percentage of experience gained in the entire game.
 F = Experience gained in this place divided by the number of levels of this place that you have seen.
                   A       B       C       D       E      F
               +-------+-------+-------+-------+-------+----------------------
         Total | 100.0 | 100.0 |   N/A |   N/A | 100.0 |  67.0
       Dungeon | 100.0 | 100.0 |   N/A |   N/A | 100.0 |  67.0
               +-------+-------+-------+-------+-------+----------------------

Action                   || total
-------------------------++-------
Melee: Dagger            ||    22
 Cast: Shock             ||     5
  Use: Potion            ||     1
 Stab: Sleeping          ||     1
Dodge: Dodged            ||    14
Block: Buckler           ||     2

Vanquished Creatures
  Jessica (D)
  A human (D)
  An endoplasm (D)
  2 rats (D)
5 creatures vanquished.
